 Dungeon Crawl Stone Soup version 0.26.1-11-gd32895ea62 (webtiles) character file.

Game seed: 17445502471284471238

53 adizb the Firebug (level 3, -2/33 HPs)
             Began as an Ogre Fire Elementalist on June 27, 2021.
             Slain by a gnoll (8 damage)
             ... on level 1 of the Dungeon.
             The game lasted 00:09:37 (1157 turns).

adizb the Firebug (Ogre Fire Elementalist)          Turns: 1157, Time: 00:09:39

Health: -2/33      AC:  3    Str: 12 (13) XL:     3   Next: 87%
Magic:  1/7        EV: 10    Int: 13 (16) God:
Gold:   67         SH:  0    Dex:  6 (9)  Spells: 6/7 levels left

rFire    . . .     SeeInvis .   b - +0 short sword
rCold    . . .     Faith    .   (no shield)
rNeg     . . .     Spirit   .   a - +0 robe
rPois    .         Reflect  .   (helmet restricted)
rElec    .         Harm     .   (no cloak)
rCorr    .         Rampage  .   (gloves unavailable)
Will     .....                  (boots unavailable)
Stlth    +.........             (no amulet)
HPRegen  0.11/turn              (no ring)
MPRegen  0.10/turn              (no ring)

@: very slightly contaminated
A: large, unfitting armour, tough skin 1
a: no special abilities


You were on level 1 of the Dungeon.
You visited 1 branch of the dungeon, and saw 2 of its levels.

You collected 67 gold pieces.

Inventory:

Hand Weapons
 b - a +0 short sword (weapon)
 h - a +0 club
Armour
 a - a +0 robe (worn)
Jewellery
 e - a +6 ring of dexterity {unknown}
 g - an uncursed ring of poison resistance {unknown}


   Skills:
 + Level 1.6 Fighting
 + Level 2.2 Dodging
 + Level 1.9 Stealth
 + Level 2.9 Spellcasting
 + Level 1.3 Conjurations
 + Level 3.0 Fire Magic


You had 6 spell levels left.
You knew the following spells:

 Your Spells              Type           Power        Failure   Level
a - Foxfire               Conj/Fire      28%          10%         1

Your spell library contained the following spells:

 Spells                   Type           Power        Failure   Level
 Conjure Flame            Conj/Fire      7%           28%         3
 Inner Flame              Hex/Fire       5%           36%         3
 Sticky Flame             Conj/Fire      7%           67%         4
 Fireball                 Conj/Fire      3%           95%         5


Dungeon Overview and Level Annotations

Branches:
Dungeon (2/15)

Altars:


Innate Abilities, Weirdness & Mutations

You are too large for most types of armour.
You have tough skin. (AC +1)


Message History

* * * LOW HITPOINT WARNING * * *
You climb upwards.
There is a stone staircase leading down here.
Casting: Foxfire (safe; 10% risk of failure)
Confirm with . or Enter, or press ? or * to list all spells.
You miscast Foxfire.
You are very lightly contaminated with residual magic.
Nothing appears to happen.
The gnoll hits you.
* * * LOW HITPOINT WARNING * * *
Casting: Foxfire (safe; 10% risk of failure)
Confirm with . or Enter, or press ? or * to list all spells.
You conjure some foxfire!
The gnoll closely misses you.
Casting: Foxfire (safe; 10% risk of failure)
Confirm with . or Enter, or press ? or * to list all spells.
You miscast Foxfire.
Nothing appears to happen.
The foxfire hits the gnoll.
The gnoll is moderately wounded.
The foxfire hits the gnoll.
The gnoll is heavily wounded.
The gnoll hits you!
You die...

##### ##.
#...####################..
#.#..........#...........#
#.######.≈.≈.#.........###
#...# #P≈≈≈.#.......#.###
###.####.♣≈≈P#♣♣.♣♣+#.....
#...>..P≈...♣♣≈≈♣....§..
####.#g....♣♣♣.≈♣♣#..#§§
#.#.@§#.♣ ♣≈P♣ ♣..#§§
#.#..♣♣♣♣♣♣≈P♣♣♣♣♣§§§
#.##.≈≈♣P♣≈≈.≈♣P♣P.§§
#.#...≈≈≈≈.≈.≈≈≈≈.)..
#.#..♣♣♣P≈≈≈≈.≈♣♣♣..#
#.#..♣ ♣♣♣♣≈♣♣♣♣♣♣###
#.#### ♣.P♣..♣.### #.#
♣♣≈≈♣♣......
###.#######♣P≈♣♣#......


You could see a gnoll.

Vanquished Creatures
  An adder (D:2)
  A worm (D:2)
  A dart slug (D:1)
  2 ball pythons (D:1)
  2 giant cockroaches (D:1)
  6 goblins
  6 hobgoblins
  A jackal (D:1)
  A quokka (D:2)
  7 bats
  3 frilled lizards (D:1)
  3 kobolds (D:1)
  3 rats (D:1)
37 creatures vanquished.

Vanquished Creatures (collateral kills)
  2 foxfires (D:1)
2 creatures vanquished.

Vanquished Creatures (others)
  69 foxfires
  11 plants (D:1)
80 creatures vanquished.

Grand Total: 119 creatures vanquished

Notes
Turn   | Place    | Note
-------+----------+-------------------------------------------
     0 | D:1      | adizb the Ogre Fire Elementalist began the quest for the
                  | Orb.
     0 | D:1      | Reached XP level 1. HP: 16/16 MP: 3/3
    36 | D:1      | Reached skill level 1 in Conjurations
   150 | D:1      | Reached XP level 2. HP: 22/26 MP: 3/5
   342 | D:1      | Reached skill level 1 in Fighting
   552 | D:1      | Reached XP level 3. HP: 14/33 MP: 5/7
   962 | D:2      | Reached skill level 3 in Fire Magic
  1157 | D:1      | Slain by a gnoll

Illustrated notes

Levels and vault maps discovered:
D:1:      nzn_arrival_depleted_hourglass, layout_basic, serial_bayou,
          serial_bayou_ford_a, serial_bayou_pond_d, serial_bayou_crossing,
          serial_bayou_pond_b, serial_bayou_pond_a, serial_bayou_lagoon_b
D:2:      layout_basic

Skill      XL: |  1  2  3 |
---------------+----------+-----
Conjurations   | 1 |  1.3
Dodging        | 2 |  2.2
Fighting       | 1 |  1.6
Fire Magic     | 3 |  3.0
Stealth        | |  1.9
Spellcasting   | |  2.9

Action                   || total
-------------------------++-------
Melee: Short sword       ||    47
 Cast: Foxfire           ||    52
  Use: Scroll            ||     3
       Potion            ||     1
Armor: Robe              ||    19
Dodge: Dodged            ||    45
